 Dungeon Crawl Stone Soup version 0.24-a0-515-gbe7f5e2e8d (webtiles) character file.

Game seed: 10458265423920005117

6105 Greboboi the Grappler (level 10, -22/92 HPs)
             Began as a Troll Berserker on July 21, 2019.
             Was an Elder of Trog.
             Annihilated by an orc knight
             ... wielding a +0 war axe
              (44 damage)
             ... in a bailey.
             The game lasted 00:23:49 (6612 turns).

Greboboi the Grappler (Troll Berserker)             Turns: 6612, Time: 00:23:50

Health: -22/92     AC:  6    Str: 30    XL:     10   Next: 58%
Magic:  9/9        EV: 11    Int:  3    God:    Trog [****..]
Gold:   512        SH: 11    Dex:  9    Spells: 9/9 levels left

rFire    x . .     SeeInvis .     - Unarmed
rCold    + . .     Gourm    +   z - +1 shield
rNeg     . . .     Faith    .   a - +0 animal skin
rPois    +         Spirit   .   (helmet restricted)
rElec    .         Reflect  .   A - scarf {repulsion}
rCorr    .         Harm     .   (gloves unavailable)
MR       ++...                  (boots unavailable)
Stlth    +.........             (no amulet)
HPRegen  1.65/turn              y - ring of ice
MPRegen  0.11/turn              H - ring of poison resistance

@: marked, berserk cooldown, regenerating, slowed, repel missiles, very slow
A: large, unfitting armour, claws 3, fast metabolism 3, gourmand, regeneration
1, shaggy fur 1, tough skin 3
a: Berserk, Trog's Hand, Brothers in Arms, Renounce Religion


You were in a bailey.
You worshipped Trog.
Trog was greatly pleased with you.
You were not hungry.

You visited 1 branch of the dungeon, and saw 9 of its levels.
You also visited: Bailey.

You collected 512 gold pieces.

Inventory:

Armour
 a - a +0 animal skin (worn)
 z - a +1 shield (worn)
 A - a scarf of repulsion (worn)
Jewellery
 y - a ring of ice (left claw)
 D - an uncursed ring of stealth
 H - a ring of poison resistance (right claw)
Wands
 v - a wand of random effects (21)
 C - a wand of paralysis (16)
 E - a wand of flame (15)
Scrolls
 c - 4 scrolls of fog
 d - 3 scrolls of immolation
 h - 7 scrolls of remove curse
 i - 7 scrolls of teleportation
 j - a scroll of enchant weapon {unknown}
 n - 4 scrolls of identify
 p - 3 scrolls of amnesia
 F - a scroll of random uselessness {unknown}
 G - 2 scrolls of blinking {unknown}
Potions
 e - a potion of magic {unknown}
 f - 3 potions of degeneration {unknown}
 g - a potion of agility {unknown}
 k - 3 potions of curing {unknown}
 l - 5 potions of might {unknown}
 m - 2 potions of heal wounds
 o - 2 potions of berserk rage {unknown}
 q - 4 potions of brilliance {unknown}
 r - 3 potions of haste {unknown}
 s - 2 potions of resistance {unknown}
 t - a potion of cancellation {unknown}
 u - a potion of ambrosia {unknown}
Comestibles
 b - 15 rations


   Skills:
 + Level 4.1 Fighting
 + Level 7.7 Dodging
 * Level 4.9 Shields
 + Level 11.6 Unarmed Combat


You had 9 spell levels left.
You didn't know any spells.
Your spell library was empty.

Dungeon Overview and Level Annotations

Branches:
Dungeon (9/15)             Temple (0/1) D:5            Lair (0/6) D:9
    Orc (0/2) D:9

Altars:
Ashenzari
Cheibriados
Nemelex Xobeh
Okawaru
Sif Muna
Uskayaw
Xom
Zin
Beogh

Annotations:
D:4 1 runed translucent door
D:9 3 runed translucent doors, milododd's ghost, legendary FoAK


Innate Abilities, Weirdness & Mutations

You are too large for most types of armour.
You have claws for hands.
Your metabolism is lightning-fast.
You like to eat raw meat.
Your natural rate of healing is unusually fast.
You are covered in fur. (AC +1)
You have extremely tough skin. (AC +3)


Message History

The weapon returns to the kobold!
The kobold throws a boomerang.
The boomerang closely misses you.
You feel a strong urge to attack something.
You are no longer berserk.
You are exhausted.
You feel yourself slow down.
The kobold throws a boomerang.
You block the boomerang.
The weapon returns to the kobold!
The kobold throws a boomerang.
The boomerang barely misses you.
The weapon returns to the kobold!
The kobold throws a boomerang.
The boomerang closely misses you.
The weapon returns to the kobold!
There is an open door here.
The kobold throws a boomerang.
The boomerang is repelled.
The weapon returns to the kobold!
The kobold throws a boomerang.
You block the boomerang.
The weapon returns to the kobold!
The kobold throws a boomerang.
You block the boomerang.
The weapon returns to the kobold!
The kobold throws a boomerang.
The boomerang is repelled.
The weapon returns to the kobold!
There is a gate leading back out of this place here.
The orc knight hits you with a +0 war axe!!!
You die...

### ##8##
##.∩.##
#8^.^8#
##@∩.##
######o######
#∩..K≈o≈K..∩#
#+###≈.≈###+#
#^..K≈g≈KKK.#
#'###≈.≈###'#


K≈g≈K ##≈o≈## K≈.≈K You could see 2 orc knights, an orc warrior, a gnoll, a
goblin and 3 kobolds.

Vanquished Creatures
  Harold (D:7)
  The ghost of icckedyourdad the Thaumaturge, a novice SpCj of Vehumet (D:7)
  Joseph (D:7)
  The ghost of DasRunzen the Skirmisher, a novice DsFi of Okawaru (D:5)
  A wyvern (D:8)
  2 wargs (D:9)
  The ghost of Atelerd the Conjurer, an amateur OpWz (D:3)
  4 orc warriors
  2 sky beasts (D:7)
  A phantom (D:6)
  5 centaurs
  4 ogres
  A necrophage (D:8)
  2 bullfrogs
  Blork the orc (D:5)
  2 water moccasin zombies
  A wyvern skeleton (D:8)
  6 killer bees
  A howler monkey (D:8)
  6 wights
  2 crimson imps (D:6)
  A bullfrog zombie (D:6)
  A quasit (D:6)
  3 centaur skeletons (D:6)
  10 orc priests
  2 hounds
  3 orc wizards
  A bullfrog skeleton (D:5)
  An iguana (D:4)
  Ijyb (D:5)
  8 worker ants
  A worker ant zombie (D:5)
  18 adders
  A shadow imp (D:8)
  2 oozes
  An adder zombie (D:9)
  3 adder skeletons
  3 worms
  3 dart slugs
  5 leopard geckos
  41 orcs
  8 bats
  6 giant cockroaches
  9 goblins
  7 hobgoblins
  3 quokkas
  A ball python (D:5)
  3 frilled lizards
  A jackal skeleton (D:6)
  7 kobolds
  A quokka zombie (D:6)
  8 rats
  2 plants (D:3)
211 creatures vanquished.

Vanquished Creatures (collateral kills)
  3 killer bees (D:9)
  An orc priest (D:7)
  An orc wizard (D:7)
  A hound skeleton (D:7)
  An orc (D:7)
7 creatures vanquished.

Vanquished Creatures (others)
  A shadow imp (D:5)
1 creature vanquished.

Grand Total: 219 creatures vanquished

Notes
Turn   | Place    | Note
-------+----------+-------------------------------------------
     0 | D:1      | Greboboi the Troll Berserker began the quest for the Orb.
     0 | D:1      | Reached XP level 1. HP: 22/22 MP: 0/0
   116 | D:1      | Reached XP level 2. HP: 29/29 MP: 1/1
   364 | D:1      | Reached XP level 3. HP: 36/36 MP: 2/2
   648 | D:2      | Reached ** piety under Trog
   696 | D:2      | Reached XP level 4. HP: 44/44 MP: 3/3
  1186 | D:3      | Reached skill level 4 in Unarmed Combat
  1208 | D:3      | Reached XP level 5. HP: 44/52 MP: 4/4
  1242 | D:3      | Noticed an orc warrior
  1256 | D:3      | Killed an orc warrior
  1259 | D:3      | Reached XP level 6. HP: 26/59 MP: 5/5
  1262 | D:3      | Reached skill level 5 in Unarmed Combat
  1371 | D:3      | Reached *** piety under Trog
  1734 | D:3      | Found a runed translucent door.
  1737 | D:3      | Noticed Atelerd's ghost (amateur OpWz)
  1747 | D:3      | Killed Atelerd's ghost
  2155 | D:4      | Found a glowing silver altar of Zin.
  2156 | D:4      | Noticed an angel
  2160 | D:4      | Found a runed translucent door.
  2334 | D:4      | Reached skill level 6 in Unarmed Combat
  2334 | D:4      | Reached XP level 7. HP: 67/67 MP: 6/6
  2441 | D:4      | Reached skill level 5 in Dodging
  2483 | D:4      | Found a shattered altar of Ashenzari.
  2490 | D:4      | Found an iron altar of Okawaru.
  2508 | D:4      | Found a shimmering altar of Xom.
  2844 | D:5      | Entered Level 5 of the Dungeon
  2934 | D:5      | Noticed Blork the orc
  2939 | D:5      | Killed Blork the orc
  3064 | D:5      | Noticed Ijyb
  3071 | D:5      | Killed Ijyb
  3081 | D:5      | Reached skill level 7 in Unarmed Combat
  3145 | D:5      | Found a snail-covered altar of Cheibriados.
  3436 | D:5      | Found a runed translucent gate.
  3436 | D:5      | Found a runed translucent gate.
  3532 | D:5      | Reached XP level 8. HP: 70/75 MP: 7/7
  3586 | D:5      | Identified the +7 chain mail of Vexation {rPois}
  3587 | D:5      | Found a runed translucent gate.
  3588 | D:5      | Noticed DasRunzen's ghost (novice DsFi)
  3590 | D:5      | Found a roughly hewn altar of Beogh.
  3619 | D:5      | Killed DasRunzen's ghost
  3619 | D:5      | Reached skill level 8 in Unarmed Combat
  3639 | D:5      | Reached **** piety under Trog
  3834 | D:5      | Found a staircase to the Ecumenical Temple.
  4134 | D:6      | Reached skill level 9 in Unarmed Combat
  4139 | D:6      | Reached XP level 9. HP: 78/83 MP: 8/8
  4662 | D:7      | Reached skill level 1 in Shields
  4760 | D:7      | Noticed Joseph
  4781 | D:7      | Killed Joseph
  4858 | D:7      | Found a runed translucent door.
  4935 | D:7      | Noticed icckedyourdad's ghost (novice SpCj)
  4947 | D:7      | Killed icckedyourdad's ghost
  4947 | D:7      | Reached skill level 10 in Unarmed Combat
  5023 | D:7      | Found a hide-covered altar of Uskayaw.
  5119 | D:7      | Noticed Harold
  5133 | D:7      | Killed Harold
  5133 | D:7      | Reached XP level 10. HP: 92/92 MP: 9/9
  5156 | D:7      | Found a sparkling altar of Nemelex Xobeh.
  5513 | D:8      | Reached skill level 11 in Unarmed Combat
  6383 | D:9      | Found a staircase to the Orcish Mines.
  6455 | D:9      | Found a deep blue altar of Sif Muna.
  6525 | D:9      | Found a runed translucent gate.
  6526 | D:9      | Found a runed translucent gate.
  6526 | D:9      | Noticed milododd's ghost (legendary FoAK)
  6527 | D:9      | Found a runed translucent gate.
  6528 | D:9      | Noticed a ten-headed hydra
  6563 | D:9      | Found a flagged portal.
  6577 | Bailey   | Entered a bailey
  6592 | Bailey   | Noticed an orc knight
  6594 | Bailey   | Noticed an orc knight
  6612 | Bailey   | Annihilated by an orc knight

Levels and vault maps discovered:
D:1:      minmay_arrival_split_and_join, layout_rooms, minmay_misc_feat_enclosed
D:2:      layout_basic, first_ration, serial_bayou_crossing
D:3:      layout_loops_ring, hellmonk_ghost_happy_afterlife, grunt_ministairs_7,
          chequers_big_river
D:4:      layout_basic, lemuel_round_altar, gammafunk_temple_overflow_pools,
          lemuel_angel_altar
D:5:      layout_loops_corners, kennysheep_mini_moat, lemuel_temple_firewalk_b,
          biasface_ghost_orc_armoury, serial_glass, glass_columns_a,
          glass_columns_c, uniq_blork_the_orc, uniq_ijyb
D:6:      minmay_octagon_keep, layout_basic, water_maze_lemuel
D:7:      layout_cave_pools, nemelex_xobeh_ov_fountains_minmay,
          lemuel_round_altar, serial_glass, glass_columns_b, glass_columns_a,
          minmay_strange_pillars, ebering_ghost_reflecting_pool, uniq_joseph,
          uniq_harold
D:8:      layout_gridville, serial_co_window_serial, co_window_corner_a,
          co_window_paths_a, co_window_paths_a, co_window_corner_a,
          co_window_corner_a, co_window_broadway_c, co_window_corner_ca,
          co_window_broadway_a, co_window_corner_cb, co_window_broadway_c,
          co_window_2corner, co_window_corner_ca
D:9:      layout_long_grid, kennysheep_mini, zin_treasury, lemuel_round_altar,
          lair_entry_dummy, erik_orc_3, gammafunk_ghost_hydra_chop,
          enter_bailey_2, serial_shops, nicolae_shop_statue_plus
Bailey:   bailey_axe_1, bailey

Skill      XL: |  1  2  3  4  5  6  7  8  9 10 |
---------------+-------------------------------+-----
Dodging        | 3 4 5 6 7 |  7.7
Unarmed Combat | 4 6 7 9 10 11 | 11.6
Fighting       | 3 4 |  4.1
Shields        | 3 4 |  4.9

Action                   |  1- 3 |  4- 6 |  7- 9 | 10-12 || total
-------------------------+-------+-------+-------+-------++-------
Melee: Unarmed           |    70 |   166 |   222 |   169 ||   627
       Punch             |     1 |     7 |     2 |       ||    10
Invok: Berserk           |       |     1 |     5 |     8 ||    14
       Trog's Hand       |       |       |     3 |     4 ||     7
       Brothers in Arms  |       |       |     1 |     1 ||     2
  Use: Scroll            |       |       |     7 |     3 ||    10
       Potion            |       |       |     1 |       ||     1
 Stab: Sleeping          |       |     1 |       |       ||     1
  Eat: Chunk             |    12 |    14 |    34 |    17 ||    77
Armor: Animal skin       |    34 |    44 |    58 |    30 ||   166
Dodge: Dodged            |    35 |    79 |    79 |    99 ||   292
       Deflected         |       |       |     6 |    30 ||    36
Block: Shield            |       |       |    55 |   112 ||   167

Table legend:
 A = Non-vault XP
 B = Vault XP
 C = Vault XP percentage of total XP
 D = Non-vault monster count
 E = Vault monster count
 F = Vault count percentage of total count
                 A         B        C        D         E       F
            +---------+---------+-------+---------+---------+-------
      Total |    4743 |    3979 |  45.6 |     181 |      35 |  16.2
            +---------+---------+-------+---------+---------+-------
        D:1 |      43 |       0 |   0.0 |      21 |       0 |   0.0
        D:2 |     108 |       0 |   0.0 |      22 |       0 |   0.0
        D:3 |     357 |     159 |  30.8 |      33 |       3 |   8.3
        D:4 |     285 |       0 |   0.0 |      14 |       0 |   0.0
        D:5 |     444 |     644 |  59.2 |      11 |      11 |  50.0
        D:6 |     701 |     434 |  38.2 |      20 |       6 |  23.1
        D:7 |     555 |    2207 |  79.9 |      15 |       3 |  16.7
        D:8 |    1565 |       0 |   0.0 |      33 |       0 |   0.0
        D:9 |     685 |     535 |  43.9 |      12 |      12 |  50.0
            +---------+---------+-------+---------+---------+-------
